 Dungeon Crawl Stone Soup version 0.23-a0-301-g9da9e51 (webtiles) character file.

129 Amnesiac the Digger (level 4, 0/39 HPs)
             Began as a Troll Earth Elementalist on Oct 7, 2018.
             Was an Initiate of Sif Muna.
             Slain by a hippogriff (10 damage)
             ... on level 3 of the Dungeon.
             The game lasted 00:03:15 (2217 turns).

Amnesiac the Digger (Troll Earth Elementalist)      Turns: 2217, Time: 00:03:15

Health: 0/39       AC:  5    Str: 16    XL:     4   Next: 88%
Magic:  0/7        EV: 10    Int: 12    God:    Sif Muna [......]
Gold:   134        SH:  0    Dex: 10    Spells: 3/9 levels left

rFire    . . .     SeeInvis .   (no weapon)
rCold    . . .     Gourm    +   (no shield)
rNeg     . . .     Faith    .   c - +0 robe
rPois    .         Spirit   .   (helmet restricted)
rElec    .         Reflect  .   (no cloak)
rCorr    .         Harm     .   (gloves unavailable)
MR       .....                  (boots unavailable)
Stlth    +.........             (no amulet)
HPRegen  0.53/turn              (no ring)
MPRegen  0.10/turn              (no ring)

@: very slightly contaminated
A: large, unfitting armour, claws 3, fast metabolism 3, gourmand, regeneration
1, shaggy fur 1, tough skin 2
a: Renounce Religion


You were on level 3 of the Dungeon.
You worshipped Sif Muna.
Sif Muna was noncommittal.
You were full.

You visited 1 branch of the dungeon, and saw 3 of its levels.

You collected 134 gold pieces.

Inventory:

Missiles
 b - 268 stones (quivered)
Armour
 c - a +0 robe (worn)
Jewellery
 h - an uncursed ring of protection from cold {unknown}
 k - an uncursed ring of wizardry {unknown}
 m - an uncursed ring of resist corrosion {unknown}
Scrolls
 a - 2 scrolls of teleportation {!r}
 e - a scroll of blinking {!r, unknown}
 i - a scroll of fog {!r, unknown}
 n - 2 scrolls of identify {!r, unknown}
 o - a scroll of remove curse {!r, unknown}
Potions
 f - a potion of mutation {!q, unknown}
 g - a potion of magic {!q, unknown}
 j - a potion of flight {!q, unknown}
 l - a potion of resistance {!q}
Comestibles
 d - 5 rations


   Skills:
 - Level 1.5 Dodging
 - Level 1.0 Stealth
 + Level 0.6 Unarmed Combat
 * Level 3.0 Spellcasting
 - Level 0.6 Transmutations
 + Level 3.0 Earth Magic


You had 3 spell levels left.
You knew the following spells:

 Your Spells              Type           Power        Failure   Level  Hunger
a - Sandblast             Erth           #.....       7%          1    #......
b - Passwall              Tmut/Erth      #.......     19%         2    ###....
c - Stone Arrow           Conj/Erth      #.....       36%         3    ###....

Your spell library contained the following spells:

 Spells                   Type           Power        Failure   Level  Hunger
 Petrify                  Tmut/Erth      #.......     75%         4    #####..
 Lee's Rapid Deconstruct  Erth           #.........   89%         5    ######.


Dungeon Overview and Level Annotations

Branches:
Dungeon (3/15)

Altars:
Cheibriados
Nemelex Xobeh
Sif Muna
Wu Jian
Xom


Innate Abilities, Weirdness & Mutations

You are too large for most types of armour.
You have claws for hands.
Your metabolism is lightning-fast.
You like to eat raw meat.
Your natural rate of healing is unusually fast.
You are covered in fur. (AC +1)
You have very tough skin. (AC +2)


Message History

The blast of sand hits the hippogriff.
The hippogriff is heavily wounded.
b - 270 stones The hippogriff bites you.
* * * LOW HITPOINT WARNING * * *
The hippogriff pecks you.
* * * LOW HITPOINT WARNING * * *
The hippogriff claws you but does no damage.
Casting: Sandblast (safe; 7% risk of failure)
Confirm with . or Enter, or press ? or * to list all spells.
Aiming: Sandblast (safe; 7% risk of failure)
Press: ? - help, Shift-Dir - straight line, f/p - hippogriff
Aim: a hippogriff (heavily wounded)
The blast of sand hits the hippogriff.
The hippogriff is heavily wounded.
b - 269 stones The hippogriff bites you.
* * * LOW HITPOINT WARNING * * *
The hippogriff completely misses you. The hippogriff misses you.
Casting: Sandblast (safe; 7% risk of failure)
Confirm with . or Enter, or press ? or * to list all spells.
You don't have enough magic to cast that spell.
Casting: Sandblast (safe; 7% risk of failure)
Confirm with . or Enter, or press ? or * to list all spells.
You don't have enough magic to cast that spell.
Casting: Sandblast (safe; 7% risk of failure)
Confirm with . or Enter, or press ? or * to list all spells.
You don't have enough magic to cast that spell.
Casting: Sandblast (safe; 7% risk of failure)
Confirm with . or Enter, or press ? or * to list all spells.
You don't have enough magic to cast that spell.
Casting: Sandblast (safe; 7% risk of failure)
Confirm with . or Enter, or press ? or * to list all spells.
You don't have enough magic to cast that spell.
You barely miss the hippogriff.
The hippogriff is heavily wounded.
The hippogriff bites you.
* * * LOW HITPOINT WARNING * * *
The hippogriff pecks you!
* * * LOW HITPOINT WARNING * * *
The hippogriff closely misses you.
Casting: Sandblast (safe; 7% risk of failure)
Confirm with . or Enter, or press ? or * to list all spells.
Aiming: Sandblast (safe; 7% risk of failure)
Press: ? - help, Shift-Dir - straight line, f/p - hippogriff
Aim: a hippogriff (heavily wounded)
The blast of sand hits the hippogriff.
The hippogriff is severely wounded.
b - 268 stones The hippogriff bites you but does no damage.
The hippogriff pecks you.
* * * LOW HITPOINT WARNING * * *
The hippogriff claws you but does no damage.
Unknown command.
Casting: Sandblast (safe; 7% risk of failure)
Confirm with . or Enter, or press ? or * to list all spells.
Aiming: Sandblast (safe; 7% risk of failure)
Press: ? - help, Shift-Dir - straight line, f/p - hippogriff
Aim: a hippogriff (severely wounded)
You miscast Sandblast.
You are very lightly contaminated with residual magic.
You feel momentarily lethargic. The hippogriff bites you!
You die...

#..# #.# # #..# #.# #..# #.# #
#..# #.# # #.## #.# # #.# #.# #
#.# #.# #
################.#######.########
..$............H@................
################.#######.########
#.#######.# # #.........#
###########


You could see a hippogriff.

Vanquished Creatures
  Terence (D:2)
  A worker ant (D:2)
  4 adders
  An ooze (D:2)
  A worm (D:3)
  2 dart slugs (D:1)
  A leopard gecko (D:2)
  An orc (D:3)
  3 giant cockroaches
  5 goblins
  A hobgoblin (D:2)
  2 jackals (D:1)
  3 kobolds
  A ball python (D:2)
  3 bats (D:2)
  4 rats
34 creatures vanquished.

Notes
Turn   | Place    | Note
-------+----------+-------------------------------------------
     0 | D:1      | Amnesiac the Troll Earth Elementalist began the quest for
                  | the Orb.
     0 | D:1      | Reached XP level 1. HP: 16/16 MP: 1/1
    12 | D:1      | You fall through a shaft!
    20 | D:2      | Noticed a worker ant
    41 | D:2      | Killed a worker ant
    41 | D:2      | Reached XP level 2. HP: 8/24 MP: 0/4
   102 | D:2      | Learned a level 2 spell: Passwall
   138 | D:2      | Reached XP level 3. HP: 14/31 MP: 3/5
   406 | D:2      | Learned a level 3 spell: Stone Arrow
   585 | D:3      | Found an ornate altar of the Wu Jian Council.
   588 | D:3      | Found a snail-covered altar of Cheibriados.
   592 | D:3      | Found a deep blue altar of Sif Muna.
   595 | D:3      | Found a shimmering altar of Xom.
   602 | D:3      | Became a worshipper of Sif Muna the Loreminder
   615 | D:3      | Reached XP level 4. HP: 36/39 MP: 5/7
  1631 | D:2      | Noticed Terence
  1650 | D:2      | Killed Terence
  2062 | D:3      | Found a sparkling altar of Nemelex Xobeh.
  2191 | D:3      | Noticed a hippogriff
  2217 | D:3      | Slain by a hippogriff

Vault maps used:
D:1:      dpeg_arrival_radiant
D:2:      minivault_14, minmay_tetromino_t2, uniq_terence
D:3:      grunt_temple_overflow_cloverleaf, first_ration, dk_noncrumbling_4,
          nemelex_spade_bored_becter

Skill      XL: |  1  2  3  4 |
---------------+-------------+-----
Spellcasting   | 2 3 |  3.0
Earth Magic    | 3 |  3.0
Dodging        | |  1.5
Stealth        | |  1.0
Unarmed Combat | |  0.6
Transmutations | |  0.6

Action                   |  1- 3 |  4- 6 || total
-------------------------+-------+-------++-------
Melee: Unarmed           |    60 |    65 ||   125
 Cast: Sandblast         |     4 |    10 ||    14
  Use: Scroll            |     2 |       ||     2
 Stab: Sleeping          |       |     2 ||     2
  Eat: Chunk             |     9 |    13 ||    22
Armor: Robe              |    22 |    23 ||    45
Dodge: Dodged            |    34 |    31 ||    65

Table legend:
 A = Non-vault XP
 B = Vault XP
 C = Vault XP percentage of total XP
 D = Non-vault monster count
 E = Vault monster count
 F = Vault count percentage of total count
                 A         B        C        D         E       F
            +---------+---------+-------+---------+---------+-------
      Total |     147 |      38 |  20.5 |      32 |       2 |   5.9
            +---------+---------+-------+---------+---------+-------
        D:1 |      24 |       0 |   0.0 |      12 |       0 |   0.0
        D:2 |      70 |      38 |  35.2 |      13 |       2 |  13.3
        D:3 |      53 |       0 |   0.0 |       7 |       0 |   0.0
            +---------+---------+-------+---------+---------+-------
